 Dungeon Crawl Stone Soup version 0.28-a0-465-ge2dae52223 (webtiles) character file.

Game seed: 6218285558961611618

22 Spaninq the Magician (level 3, 0/25 HPs)
             Began as a Djinni Hedge Wizard on Sept 14, 2021.
             Constricted to death by a ball python (1 damage)
             ... on level 2 of the Dungeon.
             The game lasted 00:02:43 (968 turns).

Spaninq the Magician (Djinni Hedge Wizard)           Turns: 968, Time: 00:02:44

Health: 0/25       AC:  2    Str:  9    XL:     3   Next: 7%
Gold:   38         EV:  9    Int: 16    God:
                   SH:  0    Dex: 12

rFire   + + .      SeeInvis .   a - +0 dagger
rCold   x . .      Faith    .   (no shield)
rNeg    . . .      Spirit   .   b - +0 robe
rPois   ∞          Reflect  .   c - +0 hat
rElec   .          Harm     .   (no cloak)
rCorr   .          Rampage  .   (no gloves)
Will    .....                   (boots unavailable)
Stlth   ++........              (no amulet)
HPRegen 0.08/turn               (no ring)
MPRegen 0.00/turn               (no ring)

@: flying, constricted
A: sickness immunity, fire resistance 2, cold vulnerability 1, float, innate
caster, hp casting, extra vitality 1
a: no special abilities


You were on level 2 of the Dungeon.
You visited 1 branch of the dungeon, and saw 2 of its levels.

You collected 38 gold pieces.

Inventory:

Hand Weapons
 a - a +0 dagger (weapon)
Armour
 b - a +0 robe (worn)
 c - a +0 hat (worn)
Potions
 d - a potion of degeneration {unknown}
 e - a potion of mutation {unknown}


   Skills:
 - Level 2.1 Dodging
 - Level 1.5 Stealth
 + Level 3.2 Spellcasting


You couldn't memorise any spells.
You knew the following spells:

 Your Spells              Type           Power      Damage    Failure   Level
a - Magic Dart            Conj           48%        1d5       4%          1
b - Blink                 Tloc           N/A        N/A       8%          2
c - Call Imp              Summ           12%        N/A       8%          2
d - Slow                  Hex            12%        N/A       8%          2
e - Conjure Flame         Conj/Fire      12%        6-21      14%         3
f - Mephitic Cloud        Conj/Pois/Air  12%        N/A       14%         3
g - Sting                 Tmut/Pois      48%        1d5       4%          1
Your spell library was empty.

Dungeon Overview and Level Annotations

Branches:
Dungeon (2/15)

Altars:


Innate Abilities, Weirdness & Mutations

You are immune to sickness and miasma.
You are immune to poison.
Your flesh is very heat resistant. (rF++)
You are vulnerable to cold. (rC-)
You float through the air rather than walking.
You learn spells naturally, not from books.
Your magical power is your life essence.
You have superior vitality. (+4 HP)


Message History

You see here 15 stones.
Found a chain mail.
A ball python comes into view.
Casting: Sting (safe; 4% risk of failure)
Confirm with . or Enter, or press ? or * to list all spells.
Aiming: Sting (safe; 4% risk of failure)
Press: ? - help, Shift-Dir - straight line, f - frilled lizard
Aim: a frilled lizard (53% to hit)
The sting misses the frilled lizard.
The sting hits the ball python.
The ball python is poisoned.
You kill the ball python!
* * * LOW HITPOINT WARNING * * *
The frilled lizard misses you.
You barely miss the frilled lizard. The frilled lizard closely misses you.
Casting: Sting (safe; 4% risk of failure)
Confirm with . or Enter, or press ? or * to list all spells.
Aiming: Sting (safe; 4% risk of failure)
Press: ? - help, Shift-Dir - straight line, f/p - frilled lizard
Aim: a frilled lizard (53% to hit)
The sting misses the frilled lizard.
* * * LOW HITPOINT WARNING * * *
The ball python hisses angrily.
A quokka comes into view.
The frilled lizard misses you.
You see here a puce potion.
e - a puce potion The frilled lizard misses you.
Casting: Sting (safe; 4% risk of failure)
Confirm with . or Enter, or press ? or * to list all spells.
Aiming: Sting (safe; 4% risk of failure)
Press: ? - help, Shift-Dir - straight line, f/p - frilled lizard
Aim: a frilled lizard (53% to hit)
The sting misses the frilled lizard.
* * * LOW HITPOINT WARNING * * *
The frilled lizard misses you.
You hit the frilled lizard.
The frilled lizard is severely wounded.
The ball python closely misses you. The ball python grabs you.
The ball python constricts you.
You die...

##. ... ... #.# #.#
#r# #S# #@# ### #l#
... #.# #.###.## ####
#....†.##.....
#....#....# #.
#..<...###########....
#................[....
##†#.#########.###...


You could see a quokka, a ball python and a frilled lizard.

Vanquished Creatures
  2 dart slugs (D:1)
  4 ball pythons
  2 hobgoblins (D:1)
  2 jackals
  4 bats (D:1)
  A frilled lizard (D:2)
  2 rats (D:1)
17 creatures vanquished.

Notes
Turn   | Place    | Note
-------+----------+-------------------------------------------
     0 | D:1      | Spaninq the Djinni Hedge Wizard began the quest for the
                  | Orb.
     0 | D:1      | Reached XP level 1. HP: 15/15 MP: 0/0
   355 | D:1      | Reached XP level 2. HP: 17/21 MP: 0/0
   571 | D:1      | Found a faded altar of an unknown god.
   737 | D:1      | Reached skill level 3 in Spellcasting
   930 | D:2      | Reached XP level 3. HP: 8/25 MP: 0/0
   930 | D:2      | Learned a level 1 spell: Sting
   934 | D:2      | HP: 1/25 [constriction (1)]
   968 | D:2      | Constricted to death by a ball python

Illustrated notes

Levels and vault maps discovered:
D:1:      dpeg_arrival_round_a, layout_loops_ring,
          hellmonk_ecumenical_altar_leap_of_faith,
          amcnicky_mini_corridor_feature
D:2:      layout_loops_ring

Skill      XL: |  1  2 |
---------------+-------+-----
Spellcasting   | 3 |  3.2
Dodging        | |  2.1
Stealth        | |  1.5

Action                   || total
-------------------------++-------
Melee: Dagger            ||     7
 Cast: Magic Dart        ||    40
       Sting             ||     5
Armor: Robe              ||     9
Dodge: Dodged            ||    27

Table legend: (Time is in decaauts)
 A = Elapsed time spent in this place.
 B = Non-inter-level travel time spent in this place.
 C = Inter-level travel time spent in this place.
 D = Time resting spent in this place.
 E = Time spent auto-exploring this place.
 F = Levels seen in this place.
 G = Mean time per level.
                   A        B        C        D        E       F      G
               +--------+--------+--------+--------+--------+-----+--------+
         Total |    967 |    967 |      0 |    333 |    507 |   2 |  483.5 |
       Dungeon |    967 |    967 |      0 |    333 |    507 |   2 |  483.5 |
               +--------+--------+--------+--------+--------+-----+--------+

Top non-repeatable levels by time:
     D:1: 922 daAuts
     D:2: 45 daAuts
